 Dungeon Crawl Stone Soup version 0.16-a0-691-g21e4870 (webtiles) character file.

130 RobertPalmer the Covert (level 5, -3/34 HPs)
             Began as an Octopode Assassin on Sept 19, 2014.
             Killed from afar by an orc wizard (11 damage)
             ... with a puff of flame
             ... on Level 3 of the Dungeon.
             The game lasted 00:04:57 (3102 turns).

RobertPalmer the Covert (Octopode Assassin)         Turns: 3102, Time: 00:04:58

HP  -3/34        AC  1     Str 10      XL: 5   Next: 14%
MP   5/5         EV 12     Int 13      God:
Gold 153         SH  0     Dex 15      Spells:  0 memorised,  4 levels left

rFire  . . .     SeeInvis .     a - +0 dagger (speed)
rCold  . . .     Clarity  .     (no shield)
rNeg   . . .     rCorr    .     (helmet restricted)
rPois  .         rRot     .     m - amulet of the gourmand
rElec  .         Spirit   .     (no ring)
SustAb .         Warding  .     (no ring)
rMut   .         Stasis   .     (no ring)
Gourm  +                        (no ring)
MR     .....                    (no ring)
                                (no ring)
                                (no ring)
                                (no ring)

@: not resistant to hostile enchantments, quite stealthy
A: almost no armour, amphibious, 8 rings, constrict 8, camouflage 1, gelatinous
body 1
a: no special abilities


You were on level 3 of the Dungeon.
You were not hungry.

You visited 1 branch of the dungeon, and saw 3 of its levels.

You collected 153 gold pieces.


Innate Abilities, Weirdness & Mutations

You cannot wear most types of armour.
You are amphibious.
You can wear up to eight rings at the same time.
You can use your tentacles to constrict many enemies at once.
Your skin changes colour to match your surroundings (Stealth).
Your rubbery body absorbs attacks (AC +1).


   Skills:
 - Level 2.0 Fighting
 - Level 2.0 Short Blades
 - Level 2.0 Throwing
 - Level 1.0 Dodging
 + Level 8.7 Stealth


You had 4 spell levels left.
You didn't know any spells.

Inventory:

Hand weapons
 a - a +0 dagger of speed (weapon)
 b - a +0 blowgun
Missiles
 e - 18 poisoned needles
 f - 2 curare-tipped needles
Comestibles
 g - 4 bread rations
 l - a slice of pizza
 r - a meat ration
Scrolls
 d - a scroll of recharging {unknown}
 h - a scroll of remove curse {unknown}
 i - 3 scrolls of immolation {unknown}
 j - 3 scrolls of identify {unknown}
 p - a scroll of fear {unknown}
 q - a scroll of random uselessness {unknown}
Jewellery
 m - an amulet of the gourmand (around mantle)
Potions
 c - a potion of restore abilities
 k - a potion of invisibility {unknown}
 n - a potion of heal wounds {unknown}
 o - a potion of haste {unknown}

Dungeon Overview and Level Annotations

Branches:
Dungeon (3/15)

Altars:
Ashenzari
Elyvilon
Ru

.##.#[########.......#
......# ##.##.#.#
###.### #.##.#.#
....####### #......#
#####.....# #.....## #
#.....# #.###.# #
#.....# #.# #.# #
#.....# #.###.# #
#.....#####.@...# #
###.......###o### #
#..####.# #.# #
#..####.# #.#
#######.(..##.###.#
#....(o..#..o.....#
#o#####.o.o..o#####
#o#####.....###
..(.........#


You could see an orc wizard.


Message History

b - a +0 blowgun (weapon)
Firing (i - inventory. (,) - cycle):
e - 21 poisoned needles (quivered)
Aim: an orc wizard, wielding a dagger and wearing a robe (fast)
You shoot a poisoned needle.
The poisoned needle closely misses the orc wizard.
The orc wizard is no longer moving quickly.
The orc wizard gestures at you while chanting.
The magic dart hits you! The orc wizard hits you with a dagger.
Firing (i - inventory. (,) - cycle):
e - 20 poisoned needles (quivered)
Aim: an orc wizard, wielding a dagger and wearing a robe You shoot a poisoned needle.
The poisoned needle barely misses the orc wizard.
The orc wizard hits you with a dagger.
* * * LOW HITPOINT WARNING * * *
Firing (i - inventory. (,) - cycle):
e - 19 poisoned needles (quivered)
Aim: an orc wizard, wielding a dagger and wearing a robe You shoot a poisoned needle.
The poisoned needle hits the orc wizard!
The orc wizard is poisoned.
Your tentacles tingle!
a - a +0 dagger of speed (weapon)
The orc wizard points at you and mumbles some strange words.
The puff of frost hits you!
* * * LOW HITPOINT WARNING * * *
You are too injured to fight recklessly!
Drink which item? (? for menu, Esc to quit)
You feel refreshed.
It was a potion of restore abilities.
The orc wizard points at you and mumbles some strange words.
The puff of flame hits you!
You die...

Action                   |  1- 3 |  4- 6 || total
-------------------------+-------+-------++-------
Melee: Dagger            |    67 |    46 ||   113
 Fire: Blowgun           |     8 |     8 ||    16
  Use: Potion            |       |     1 ||     1
 Stab: Sleeping          |    14 |     6 ||    20
       Distracted        |       |     1 ||     1
  Eat: Chunk             |     3 |     6 ||     9

Vault maps used:
D:1:      evilmike_arrival_run_for_it, serial_bayou, serial_bayou_shore_b,
          serial_bayou_pond_e, serial_bayou_lake_a, serial_bayou_lagoon_b
D:2:      grunt_temple_overflow_diamond, first_bread, lexackson_kobold_supper
D:3:      nicolae_overflow_hidden_temple, tso_altar

Notes
Turn   | Place    | Note
--------------------------------------------------------------
     0 | D:1      | RobertPalmer, the Octopode Assassin, began the quest for the Orb.
     0 | D:1      | Reached XP level 1. HP: 14/14 MP: 1/1
    85 | D:1      | Reached skill level 6 in Stealth
    85 | D:1      | Reached XP level 2. HP: 12/19 MP: 2/2
   823 | D:1      | Reached XP level 3. HP: 24/24 MP: 3/3
  1253 | D:1      | Reached skill level 7 in Stealth
  1989 | D:2      | Reached XP level 4. HP: 19/29 MP: 4/4
  2172 | D:2      | Found a white marble altar of Elyvilon.
  2175 | D:2      | Found a sacrificial altar of Ru.
  2178 | D:2      | Found a shattered altar of Ashenzari.
  2604 | D:2      | Reached skill level 8 in Stealth
  3040 | D:3      | Reached XP level 5. HP: 31/34 MP: 5/5
  3102 | D:3      | Killed from afar by an orc wizard

Vanquished Creatures
  An orc wizard (D:3)
  2 adders (D:2)
  3 worms
  4 giant geckos
  3 orcs (D:3)
  A ball python (D:2)
  4 bats
  2 giant cockroaches (D:1)
  8 goblins
  10 hobgoblins
  14 kobolds
  A giant newt (D:1)
  4 rats (D:1)
57 creatures vanquished.
